 Dungeon Crawl Stone Soup version 0.24-a0-446-g87df7205b4 (webtiles) character file.

Game seed: 12499778947403607700

414 Craser22 the Cleaver (level 6, -3/51 HPs)
             Began as a Minotaur Berserker on June 24, 2019.
             Was a Believer of Trog.
             Killed by nerve-wracking pain
             ... invoked by an orc priest
              (13 damage)
             ... on level 4 of the Dungeon.
             The game lasted 00:10:07 (3657 turns).

Craser22 the Cleaver (Minotaur Berserker)           Turns: 3657, Time: 00:10:08

Health: -3/51      AC:  6    Str: 22    XL:     6   Next: 60%
Magic:  5/5        EV: 10    Int:  4    God:    Trog [**....]
Gold:   124        SH:  0    Dex: 11    Spells: 5/5 levels left

rFire    . . .     SeeInvis .   u - +0 war axe
rCold    . . .     Gourm    .   (no shield)
rNeg     . . .     Faith    .   j - +0 scale mail (curse)
rPois    .         Spirit   .   (helmet restricted)
rElec    .         Reflect  .   (no cloak)
rCorr    .         Harm     .   (no gloves)
MR       .....                  (no boots)
Stlth    ..........             (no amulet)
HPRegen  0.17/turn              (no ring)
MPRegen  0.09/turn              (no ring)

@: no status effects
A: retaliatory headbutt, horns 2
a: Berserk, Trog's Hand, Renounce Religion


You were on level 4 of the Dungeon.
You worshipped Trog.
Trog was pleased with you.
You were not hungry.

You visited 1 branch of the dungeon, and saw 4 of its levels.

You collected 124 gold pieces.


Innate Abilities, Weirdness & Mutations

You reflexively headbutt those who attack you in melee.
You have a pair of horns on your head.


   Skills:
 - Level 3.6 Fighting
 + Level 9.1 Axes
 - Level 2.4 Armour
 - Level 2.1 Dodging


You had 5 spell levels left.
You didn't know any spells.
Your spell library was empty.

Inventory:

Hand Weapons
 e - a +0 dire flail
 u - a +0 war axe (weapon)
Missiles
 h - 119 stones (quivered)
Armour
 j - a cursed +0 scale mail (worn)
Wands
 q - a wand of enslavement (4)
Scrolls
 f - 2 scrolls of enchant armour {unknown}
 g - 2 scrolls of remove curse {unknown}
 k - 2 scrolls of teleportation {unknown}
 m - 2 scrolls of fear {unknown}
 r - a scroll of amnesia {unknown}
 t - a scroll of immolation {unknown}
Potions
 a - a potion of invisibility {unknown}
 b - a potion of flight
 d - a potion of might
 i - a potion of agility {unknown}
 l - a potion of ambrosia
 n - a potion of magic
 o - a potion of resistance
Comestibles
 c - 6 rations

Dungeon Overview and Level Annotations

Branches:
Dungeon (4/15)
 Temple: D:4-7

Altars:
Fedhas
Gozag
Wu Jian

.▒ ▒ ▒.▒.▒ ▒.▒.▒ ▒▒▒
▒.▒.▒▒▒.▒▒ ▒...▒...▒▒
▒..▒▒...▒▒ ▒o▒▒▒▒..▒▒
..▒▒▒▒▒▒.H▒▒▒▒..▒▒
........)...)▒...▒▒
.▒▒▒▒.▒▒▒.▒▒......▒▒▒▒▒▒..
▒ ▒.▒▒▒▒▒.....)..... ▒.▒
▒▒...▒▒▒.▒▒.
▒.▒▒▒▒▒▒▒.......>.
...........▒..▒>..
▒.▒▒▒...▒▒.▒.▒▒
▒<▒▒.....▒.▒.▒


You could see an orc priest.


Message History

* * * LOW HITPOINT WARNING * * *
You closely miss the orc priest.
The orc priest is lightly wounded.
The orc priest barely misses you. You furiously retaliate!
You headbutt the orc priest!
You hit the orc priest but do no damage.
The orc priest is heavily wounded.
The orc priest hits you with a +0 trident.
* * * LOW HITPOINT WARNING * * *
You hit the orc priest. Your headbutt misses the orc priest.
The orc priest is severely wounded.
The orc priest hits you with a +0 trident.
* * * LOW HITPOINT WARNING * * *
Your scale mail prevents you from hitting the orc priest.
You headbutt the orc priest.
The orc priest is almost dead.
The orc priest calls down the wrath of Beogh upon you.
Pain shoots through your body!
* * * LOW HITPOINT WARNING * * *
You closely miss the orc priest.
The orc priest is almost dead.
The orc priest hits you with a +0 trident.
* * * LOW HITPOINT WARNING * * *
You closely miss the orc priest.
The orc priest is almost dead.
The orc priest calls down the wrath of Beogh upon you.
Pain shoots through your body!
You die...

Action                   |  1- 3 |  4- 6 || total
-------------------------+-------+-------++-------
Melee: Hand axe          |    81 |    87 ||   168
       Headbutt          |    14 |    21 ||    35
       War axe           |       |    20 ||    20
Invok: Berserk           |       |     3 ||     3
  Use: Scroll            |     4 |     2 ||     6
  Eat: Chunk             |     3 |     8 ||    11
Armor: Ring mail         |     9 |       ||     9
       Animal skin       |     1 |       ||     1
       Scale mail        |    18 |    38 ||    56
Dodge: Dodged            |    35 |    48 ||    83

Levels and vault maps discovered:
D:1:      dpeg_arrival_tiny_c, layout_loops_cross, serial_forest,
          infiniplex_forest_clump_diagonal, infiniplex_forest_clump_large,
          infiniplex_forest_diagonal, infiniplex_forest_straight_3,
          infiniplex_forest_clump_diagonal, infiniplex_forest_lined_1,
          infiniplex_forest_lined_corner, infiniplex_forest_lined_room_2
D:2:      layout_loops_corners, nicolae_overflow_hidden_temple,
          old_standard_altar, nrook_loot_triangle, st_stairs_1,
          chequers_serial_rivers_small_3
D:3:      layout_basic, lemuel_crystal_altar, first_ration, uniq_ijyb
D:4:      minmay_inner_zag, layout_rooms, kennysheep_okawaru_gauntlet,
          old_standard_altar, uniq_duvessa

Notes
Turn   | Place    | Note
-------+----------+-------------------------------------------
     0 | D:1      | Craser22 the Minotaur Berserker began the quest for the
                  | Orb.
     0 | D:1      | Reached XP level 1. HP: 19/19 MP: 0/0
    95 | D:1      | Reached skill level 4 in Axes
   342 | D:1      | Reached XP level 2. HP: 25/26 MP: 1/1
   990 | D:2      | Reached skill level 5 in Axes
  1037 | D:2      | Found an opulent altar of Gozag.
  1061 | D:2      | Reached XP level 3. HP: 29/31 MP: 2/2
  1268 | D:2      | Found an ornate altar of the Wu Jian Council.
  1831 | D:3      | Reached skill level 6 in Axes
  1831 | D:3      | Reached XP level 4. HP: 39/39 MP: 3/3
  1838 | D:3      | Found a blossoming altar of Fedhas.
  2002 | D:3      | Reached ** piety under Trog
  2398 | D:3      | Reached XP level 5. HP: 45/45 MP: 4/4
  2400 | D:3      | Reached skill level 7 in Axes
  2459 | D:3      | Noticed Ijyb
  2471 | D:3      | Killed Ijyb
  2481 | D:3      | Reached skill level 8 in Axes
  2844 | D:3      | Reached XP level 6. HP: 51/51 MP: 5/5
  3492 | D:3      | Identified a potion of resistance
  3503 | D:4      | Reached skill level 9 in Axes
  3657 | D:4      | Killed from afar by an orc priest

Vanquished Creatures
  A scorpion (D:3)
  An orc priest (D:3)
  4 orc wizards (D:3)
  Ijyb (D:3)
  A worker ant (D:4)
  3 gnolls (D:3)
  5 adders
  5 worms
  2 dart slugs
  4 leopard geckos
  9 orcs
  2 giant cockroaches
  5 goblins
  6 hobgoblins
  5 quokkas
  6 bats
  4 frilled lizards
  5 kobolds
  7 rats
76 creatures vanquished.
